 Dungeon Crawl Stone Soup version 0.20.1-1-g8b1a95d (webtiles) character file.

260 ReignOfFire the Slasher (level 5, -2/41 HPs)
             Began as a Demonspawn Gladiator on July 26, 2017.
             Slain by Duvessa
             ... wielding a +0 short sword
              (4 damage)
             ... on level 4 of the Dungeon.
             The game lasted 00:04:42 (3100 turns).

ReignOfFire the Slasher (Demonspawn Gladiator)      Turns: 3100, Time: 00:04:43

Health: -2/41      AC: 14    Str: 11 (14) XL:     5   Next: 95%
Magic:  5/5        EV: 10    Int:  7 (9)  God:
Gold:   188        SH:  0    Dex: 15 (16) Spells: 4/4 levels left

rFire    . . .     SeeInvis .   a - +0 long sword
rCold    . . .     Gourm    .   (no shield)
rNeg     . . .     Faith    .   j - +0 scale mail
rPois    .         Spirit   .   (helmet restricted)
rElec    .         Reflect  .   g - +1 cloak
rCorr    .         Harm     .   (no gloves)
MR       .....                  (no boots)
Stlth    ..........             (no amulet)
Regen    0.2/turn               (no ring)
MPRegen  0.1/turn               (no ring)

@: sanguine armour
A: antennae 1, powered by death 1, sanguine armour 1
a: no special abilities


You were on level 4 of the Dungeon.
You were very hungry.

You visited 1 branch of the dungeon, and saw 4 of its levels.
You also visited: Sewer.

You collected 188 gold pieces.

Inventory:

Hand Weapons
 a - a +0 long sword (weapon)
Armour
 b - a +0 leather armour
 c - a +0 helmet
 g - a +1 cloak (worn)
 j - a +0 scale mail (worn)
Scrolls
 e - a scroll of teleportation
 h - a scroll of magic mapping
 i - a scroll of noise {unknown}
 k - a scroll of immolation {unknown}
 l - a scroll of random uselessness {unknown}
 n - 2 scrolls of blinking {unknown}
 p - 3 scrolls of identify {unknown}
 t - a scroll of amnesia {unknown}
 u - a scroll of recharging {unknown}
Potions
 o - a potion of heal wounds {unknown}
 s - a potion of degeneration
 w - a potion of might {unknown}
Comestibles
 f - 3 bread rations
 r - 3 royal jellies
 v - 2 meat rations


   Skills:
 + Level 3.1 Fighting
 + Level 4.8 Long Blades
 + Level 1.8 Throwing
 + Level 1.2 Armour
 + Level 3.5 Dodging


You had 4 spell levels left.
You didn't know any spells.

Dungeon Overview and Level Annotations

Branches:
Dungeon (4/15)
 Temple: D:4-7

Altars:
Ashenzari

Annotations:
D:4 Dowan, Duvessa


Innate Abilities, Weirdness & Mutations

You have a pair of small antennae on your head.
You regenerate a little health from kills.
When seriously injured, your bleeding wounds create armour. (AC +6)


Message History

Duvessa hits you but does no damage.
Unknown command.
You barely miss Duvessa.
Duvessa is severely wounded.
Duvessa hits you but does no damage.
Unknown command.
You slash Duvessa!
Duvessa is almost dead.
You are feeling very hungry.
Duvessa hits you with a short sword!
* * * LOW HITPOINT WARNING * * *
Duvessa barely misses you.
Unknown command.
It was a potion of degeneration.
There was something very wrong with that liquid.
You feel weakened.
You feel dopey.
You feel clumsy. Duvessa closely misses you.
You riposte.
You closely miss Duvessa.
Duvessa is almost dead.
Duvessa hits you with a short sword.
You die...

#####.##########
#..............# ###
#.###.########.# [.#
#.##...## #.# ..### #.#.....#
#.########
....###.##...#######........#
........###.## #e........##.#
....##### #.# #e###.###.#
..### #.# #@# #.# # ..# ##'##
#.# #e. .##### ##...###.#
#.## ...(.# ##.....##.. ...
..##.###.......### #..
...#.##..####### ###
......'..# .....##..##♣♣♣
.....##....P.♣


You could see Duvessa and Dowan.

Vanquished Creatures
  A bullfrog (Sewer)
  An orc wizard (D:4)
  7 adders
  A river rat (D:3)
  An ooze (D:4)
  An adder skeleton (D:4)
  5 worms
  2 dart slugs
  5 leopard geckos
  6 orcs (D:4)
  2 bats
  6 giant cockroaches
  2 goblins
  5 hobgoblins
  A ball python (D:2)
  13 frilled lizards
  4 kobolds
  8 rats
71 creatures vanquished.

Notes
Turn   | Place    | Note
-------+----------+-------------------------------------------
     0 | D:1      | ReignOfFire the Demonspawn Gladiator began the quest for the Orb.
     0 | D:1      | Reached XP level 1. HP: 16/16 MP: 1/1
   343 | D:1      | Reached skill level 3 in Long Blades
   511 | D:1      | Gained mutation: You have a pair of small antennae on your head. [demonic ancestry]
   511 | D:1      | Reached XP level 2. HP: 22/22 MP: 2/2
   783 | D:2      | Found a shattered altar of Ashenzari.
  1084 | D:2      | Gained mutation: When seriously injured, your bleeding wounds create armour. (AC +6) [demonic ancestry]
  1084 | D:2      | Reached XP level 3. HP: 21/27 MP: 3/3
  1355 | D:3      | Found a glowing drain.
  1359 | Sewer    | Entered a sewer
  1446 | Sewer    | Reached XP level 4. HP: 33/34 MP: 4/4
  1545 | Sewer    | Noticed a bullfrog
  1554 | Sewer    | Killed a bullfrog
  1554 | Sewer    | Reached skill level 4 in Long Blades
  1554 | Sewer    | Gained mutation: You regenerate a little health from kills. [demonic ancestry]
  1554 | Sewer    | Reached XP level 5. HP: 26/39 MP: 5/5
  2088 | D:3      | Reached skill level 1 in Armour
  3068 | D:4      | Noticed Dowan
  3069 | D:4      | Noticed Duvessa
  3099 | D:4      | HP: 2/41 [Duvessa/short sword (10)]
  3100 | D:4      | Slain by Duvessa

Skill      XL: |  1  2  3  4  5 |
---------------+----------------+-----
Long Blades    | 3 4 |  4.8
Dodging        | 3 |  3.5
Armour         | 1 |  1.2
Fighting       | 3 |  3.1
Throwing       | |  1.8

Action                   |  1- 3 |  4- 6 || total
-------------------------+-------+-------++-------
Melee: Long sword        |   106 |   215 ||   321
Throw: Throwing net      |       |     3 ||     3
  Use: Scroll            |     2 |       ||     2
       Potion            |       |     2 ||     2
  Eat: Chunk             |     2 |     5 ||     7
Armor: Scale mail        |    48 |    94 ||   142
       Leather armour    |     2 |       ||     2
Dodge: Dodged            |    82 |   131 ||   213
       Rpst.: Long sword |    34 |    42 ||    76
